 Dungeon Crawl Stone Soup version 0.31.0-11-ge490571c62 (webtiles) character file.

Game seed: 16895739464687917386

592 qw the Shooter (level 7, -1/35 HPs)
             Began as a Spriggan Hunter on Feb 4, 2024.
             Slain by a water moccasin (4 damage)
             ... on level 4 of the Dungeon.
             The game lasted 00:00:17 (3971 turns).

qw the Shooter (Spriggan Hunter)                    Turns: 3971, Time: 00:00:17

Health: -1/35      AC:  6    Str:  7    XL:     7   Next: 16%
Magic:  0/8        EV: 21    Int: 11    God:
Gold:   229        SH:  0    Dex: 20    Spells: 6/6 levels left

rFire   . . .        a - +0 shortbow
rCold   . . .        (shield currently unavailable)
rNeg    . . .        c - +0 robe
rPois   .            (helmet restricted)
rElec   .            (no cloak)
rCorr   .            (gloves unavailable)
SInv    +            (boots unavailable)
Will    +....        f - amulet of guardian spirit
Stlth   ++           k - +4 ring of protection
HPRegen 0.25/turn    (no ring)
MPRegen 0.11/turn

%: guardian spirit
@: very quick
A: very small, no large weapons, unfitting armour, see invisible, speed 3
a: no special abilities


You were on level 4 of the Dungeon.
You visited 1 branch of the dungeon, and saw 5 of its levels.

You collected 229 gold pieces.


Innate Abilities, Weirdness & Mutations

You are very small and have problems with some larger weapons.
You are too small for most types of armour.
You have supernaturally acute eyesight. (SInv)
You cover ground extremely quickly. (Speed+++)


   Skills:
 - Level 2.3 Fighting
 - Level 7.1 Ranged Weapons
 + Level 6.5 Dodging
 - Level 1.5 Stealth


You had 6 spell levels left.
You didn't know any spells.
Your spell library was empty.

Inventory:

Hand Weapons
 a - a +0 shortbow (weapon)
Armour
 c - a +0 robe (worn)
Jewellery
 f - an amulet of guardian spirit (around neck)
 k - a +4 ring of protection (left hand)
Wands
 g - a wand of charming (7)
Potions
 b - a potion of curing

Dungeon Overview and Level Annotations

Branches:
Dungeon (5/15)
 Temple: D:4-7

Altars:
Gozag
Ru

Shops:
D:5 ?

Annotations:
D:2 1 runed translucent door, Crazy Yiuf


Message History

The orc misses you. The water moccasin closely misses you.
You shoot an arrow.
The arrow hits the orc priest but does no damage.
The orc priest is almost dead.
You feel sick.
You are no longer poisoned.
The orc barely misses you.
The orc priest hits you with a +0 short sword.
The water moccasin completely misses you.
You shoot an arrow. The arrow hits the orc priest.
The orc priest is almost dead.
The water moccasin misses you. The orc priest completely misses you.
The orc closely misses you. The water moccasin closely misses you.
You shoot an arrow.
The arrow closely misses the orc priest.
The orc closely misses you.
The orc priest mumbles some strange prayers to Beogh against you.
Beogh smites you! The water moccasin misses you.
You shoot an arrow. The arrow hits the orc priest.
You kill the orc priest!
The orc closely misses you. The water moccasin misses you.
You shoot an arrow. The arrow hits the water moccasin!
The water moccasin is moderately wounded.
The water moccasin completely misses you.
The orc misses you. The water moccasin closely misses you.
You shoot an arrow. The arrow misses the water moccasin.
The orc hits you but does no damage. The water moccasin closely misses you.
You shoot an arrow.
The arrow closely misses the water moccasin.
The water moccasin bites you but does no damage.
The orc misses you.
The water moccasin completely misses you.
You shoot an arrow.
The arrow closely misses the water moccasin.
The orc completely misses you. The water moccasin barely misses you.
The orc closely misses you.
You shoot an arrow. The arrow hits the water moccasin.
The water moccasin is heavily wounded.
The water moccasin bites you. The orc misses you. The water moccasin bites you.
You die...

####....#......#
###.#
'..#....#......#
##...#
##.#....#......#
##..###
........#......#
#..##
##.######......#
##.## ...#
#......####..#
####
#........##.##
########)o..#
#@.### #########
#S## ........#
#.# #######.#
#.# ####.##.#
#.# .....##.##
#.# ####.##..#
#?# #.###'###
#.# #.#~~~~~#
#.#


You could see a water moccasin and an orc.

Vanquished Creatures
  Sigmund (D:4)
  Duvessa (D:4)
  An ogre (D:4)
  Dowan (D:4)
  An orc priest (D:4)
  Ijyb (D:4)
  An orc wizard (D:3)
  A sleepcap (D:4)
  2 adders
  A dart slug (D:1)
  2 ribbon worms (D:2)
  8 orcs (D:3)
  5 endoplasms
  5 giant cockroaches
  8 hobgoblins
  6 quokkas
  10 ball pythons
  3 bats
  7 frilled lizards
  5 goblins
  4 kobolds
  3 rats (D:2)
77 creatures vanquished.

Notes
Turn   | Place    | Note
-------+----------+-------------------------------------------
     0 | D:1      | qw the Spriggan Hunter began the quest for the Orb.
     0 | D:1      | Reached XP level 1. HP: 10/10 MP: 2/2
     0 | D:1      | 0 ||| qw: Version: 0.3-a-160-g6735b56
     0 | D:1      | 0 ||| qw: Game counter: 5038
     0 | D:1      | 0 ||| qw: Melee chars always use a shield: true
     0 | D:1      | 0 ||| qw: God list: Okawaru
     0 | D:1      | 0 ||| qw: Allow faded altars: false
     0 | D:1      | 0 ||| qw: Do Orc after clearing Dungeon:15 true
     0 | D:1      | 0 ||| qw: Do second Lair branch before Depths: true
     0 | D:1      | 0 ||| qw: Lair rune preference: random
     0 | D:1      | 0 ||| qw: Goals: Normal
     0 | D:1      | 0 ||| PLANNING D:1-11
    37 | D:1      | Reached skill level 3 in Dodging
   251 | D:1      | Reached XP level 2. HP: 14/14 MP: 3/3
   280 | D:1      | Found a faded altar of an unknown god.
   791 | D:1      | 791 ||| DROPPING scarf of invisibility.
   792 | D:1      | 792 ||| UPGRADING to +4 ring of protection.
   793 | D:1      | 793 ||| READING scroll labelled NOTWOSIZOU.
   794 | D:1      | 794 ||| READING scroll labelled TOSCHE LUNWE.
   795 | D:1      | 795 ||| READING 2 scrolls labelled TANIPL ZIMACOG.
   796 | D:1      | 796 ||| READING scroll labelled KOEHER IDAKURAZO.
   797 | D:1      | 797 ||| READING scroll labelled SEUCKA TUGH.
   802 | D:1      | 802 ||| READING scroll labelled PYCOCAURGHAJ.
   803 | D:1      | 803 ||| DRINKING 2 fuming yellow potions.
   804 | D:1      | 804 ||| DROPPING scroll of butterflies.
   805 | D:1      | 805 ||| DROPPING scroll of amnesia.
   807 | D:1      | 807 ||| Stepping ~*~*~tactically~*~*~ (cloud).
   808 | D:1      | 808 ||| DRINKING potion of curing.
   808 | D:1      | 808 ||| (to cure poison)
   864 | D:2      | Reached XP level 3. HP: 18/18 MP: 4/4
  1162 | D:2      | Found a runed translucent door.
  1163 | D:2      | Noticed Crazy Yiuf
  1432 | D:2      | 1432 ||| STAIRDANCE
  1442 | D:1      | 1442 ||| UPGRADING to amulet of guardian spirit.
  1447 | D:1      | 1447 ||| READING scroll labelled PARARA LIXIZI.
  1809 | D:3      | 1809 ||| DRINKING potion of curing.
  1809 | D:3      | 1809 ||| (to cure confusion)
  1811 | D:3      | Reached skill level 5 in Ranged Weapons
  1815 | D:3      | Reached XP level 4. HP: 17/22 MP: 3/5
  2333 | D:3      | Found an opulent altar of Gozag.
  2558 | D:3      | 2558 ||| READING 3 scrolls labelled WUTURU GUUK.
  2558 | D:3      | 2558 ||| IDENTIFYING metallic green potion
  2559 | D:3      | 2559 ||| READING 2 scrolls of identify.
  2559 | D:3      | 2559 ||| IDENTIFYING inky potion
  2560 | D:3      | 2560 ||| READING scroll of identify.
  2560 | D:3      | 2560 ||| IDENTIFYING sedimented ruby potion
  2561 | D:3      | 2561 ||| READING scroll labelled UCYTHO ETZIAK.
  2662 | D:3      | 2662 ||| READING scroll labelled DAWKED SIASOTU.
  2663 | D:3      | 2663 ||| READING scroll labelled KERYXZ IN JOPI.
  2664 | D:3      | 2664 ||| READING scroll labelled ZOCZOA LIEDGH.
  2765 | D:3      | 2765 ||| DRINKING 3 fuming dark potions.
  2766 | D:3      | 2766 ||| DROPPING potion of ambrosia.
  2767 | D:3      | 2767 ||| DROPPING potion of lignification.
  2914 | D:4      | Noticed Ijyb
  2929 | D:4      | Killed Ijyb
  2930 | D:4      | Reached XP level 5. HP: 13/27 MP: 4/6
  3033 | D:3      | Found a sacrificial altar of Ru.
  3153 | D:4      | Noticed Dowan
  3155 | D:4      | Noticed Duvessa
  3156 | D:4      | 3156 ||| DRINKING potion of haste.
  3172 | D:4      | HP: 6/27 [Duvessa/+0 short sword (5)]
  3173 | D:4      | 3173 ||| READING scroll of teleportation.
  3174 | D:4      | 3174 ||| DRINKING 2 potions of heal wounds.
  3441 | D:4      | Noticed Sigmund
  3453 | D:4      | Killed Sigmund
  3454 | D:4      | Reached skill level 6 in Ranged Weapons
  3454 | D:4      | Reached XP level 6. HP: 25/31 MP: 5/7
  3643 | D:4      | Reached skill level 6 in Dodging
  3679 | D:4      | 3679 ||| RETREEEEATING.
  3686 | D:4      | Killed Duvessa
  3687 | D:4      | Reached XP level 7. HP: 16/35 MP: 3/8
  3690 | D:4      | HP: 7/35 [Dowan/+0 broad axe (9)]
  3691 | D:4      | 3691 ||| DRINKING potion of heal wounds.
  3692 | D:4      | 3692 ||| FLEEEEING.
  3693 | D:4      | 3693 ||| FLEEEEING.
  3695 | D:4      | Killed Dowan
  3696 | D:4      | Reached skill level 7 in Ranged Weapons
  3951 | D:5      | Entered Level 5 of the Dungeon
  3951 | D:5      | Found Ahicw's Magic Scroll Shoppe.
  3952 | D:5      | 3952 ||| STAIRDANCE
  3956 | D:5      | 3956 ||| STAIRDANCE
  3965 | D:4      | HP: 5/35 [orc priest/divine providence (7)]
  3971 | D:4      | HP: 3/35 [water moccasin (4)]
  3971 | D:4      | Slain by a water moccasin

Levels and vault maps discovered:
D:1:      tarquinn_simple_flora_water_d, layout_loops_corners,
          ebering_ecumenical_altar_webs, feat_on_display
D:2:      layout_loops_ring, serial_glass, glass_columns_a, glass_columns_a,
          minmay_tree_intersection, grunt_decor_fettered,
          nicolae_kite_square_tiling_tiny, st_stairs_13, uniq_crazy_yiuf_cottage
D:3:      layout_basic, nicolae_overflow_hidden_temple
D:4:      layout_basic, chequers_serial_rivers_room_b,
          nicolae_figureground_sparkle, uniq_ijyb, uniq_sigmund, uniq_duvessa
D:5:      layout_gridville, minmay_temple_entry_hall, serial_shops, shop, shop,
          shop, kennysheep_little_box, shop

Skill      XL: |  1  2  3  4  5  6  7 |
---------------+----------------------+-----
Dodging        | 3 4 5 6 |  6.5
Ranged Weapons | 5 6 7 |  7.1
Fighting       | 2 |  2.3
Stealth        | |  1.5

Action                     |  1- 3 |  4- 6 |  7- 9 || total
---------------------------+-------+-------+-------++-------
   Fire: Shortbow          |   126 |   125 |    21 ||   272
    Use: Scroll            |     7 |     8 |       ||    15
         Potion            |     3 |     3 |     1 ||     7
 Armour: Robe              |     9 |    24 |    13 ||    46
  Dodge: Dodged            |    38 |    57 |    43 ||   138

Table legend:
 A = Non-vault XP
 B = Vault XP
 C = Vault XP percentage of total XP
 D = Non-vault monster count
 E = Vault monster count
 F = Vault count percentage of total count
                 A         B        C        D         E       F
            +---------+---------+-------+---------+---------+-------
      Total |     390 |     457 |  54.0 |      72 |       5 |   6.5
            +---------+---------+-------+---------+---------+-------
        D:1 |      36 |       0 |   0.0 |      21 |       0 |   0.0
        D:2 |      42 |       1 |   2.3 |      17 |       1 |   5.6
        D:3 |      75 |       0 |   0.0 |      18 |       0 |   0.0
        D:4 |     237 |     456 |  65.8 |      16 |       4 |  20.0
            +---------+---------+-------+---------+---------+-------
